3AA
MARQUETTE MINERS @ BETHESDA ATOMS
09/14/2037
 
TOP OF THE 1ST
Marquette Miners batting - Pitching for Bethesda Atoms : RHP Joshua Neal
Pitching: RHP Joshua Neal
Batting: RHB Sze Qi 0-0: Ball
1-0: Ball
2-0: Ball
3-0: Called Strike
3-1: Base on Balls
Batting: RHB Jorge Japón 0-0: Foul Ball, location: 2F
0-1: Grounds into double play, 1-6-3 (Groundball, 34S, EV 75.0 MPH)
Batting: RHB Brook Linen 0-0: Ball
1-0: Called Strike
1-1: Foul Ball, location: 2F
1-2: Foul Ball, location: 2F
1-2: SINGLE (Line Drive, 5D, EV 95.0 MPH)
Batting: RHB Jesús Morán 0-0: Ball
1-0: Ball
2-0: Foul Ball, location: 2F
2-1: Foul Ball, location: 2F
2-2: Foul Ball, location: 2F
2-2: Fly out, F7 (Flyball, 7LS, EV 89.4 MPH)
Top of the 1st over - 0 runs, 1 hit, 0 errors, 1 left on base; Marquette 0 - Bethesda 0
BOTTOM OF THE 1ST
Bethesda Atoms batting - Pitching for Marquette Miners : LHP Darwin Watson
Pitching: LHP Darwin Watson
Batting: RHB Conor Culver 0-0: Ball
1-0: Called Strike
1-1: SINGLE (Line Drive, 8LS, EV 90.6 MPH)
Batting: RHB Tomas van Noord 0-0: Ball
1-0: Ball
2-0: Called Strike
2-1: Ball
3-1: Called Strike
3-2: Fielders Choice at 2nd, 6-4 (Groundball, 6D, EV 89.4 MPH)
Batting: SHB Brian Burt 0-0: Ball
Tomas van Noord steals 2nd base
1-0: Ball
2-0: Ball
3-0: Base on Balls
Batting: RHB Preston Johnston 0-0: Foul Ball, location: 2F
0-1: Ball
1-1: Ball
2-1: Foul Ball, location: 2F
2-2: Strikes out swinging
Batting: LHB Sandor Addicks 0-0: Ball
1-0: Foul Ball, location: 2F
1-1: Foul Ball, location: 2F
1-2: Reached on error, E4 (Groundball, 4, EV 103.1 MPH)
Tomas van Noord to third
Brian Burt to second
Batting: RHB Juan Mata 0-0: Fielders Choice at 2nd, 6-4 (Groundball, 6, EV 108.8 MPH)
Bottom of the 1st over - 0 runs, 1 hit, 1 error, 3 left on base; Marquette 0 - Bethesda 0
TOP OF THE 2ND
Marquette Miners batting - Pitching for Bethesda Atoms : RHP Joshua Neal
Batting: LHB Tony Worley 0-0: SINGLE (Groundball, 5D, EV 96.9 MPH)
Batting: LHB Lowell Evans 0-0: 2-RUN HOME RUN (Flyball, 89XD, EV 111.2 MPH), Distance : 391 ft
Batting: RHB Zhen-bang Kwan 0-0: Ball
1-0: Fly out, F7 (Flyball, 7, EV 75.0 MPH)
Batting: LHB Bill O'Halloran 0-0: Called Strike
0-1: Foul Ball, location: 2F
0-2: DOUBLE (Line Drive, 89D, EV 100.6 MPH)
Batting: LHB Vic Britt 0-0: Ball
1-0: SINGLE (Line Drive, 78S, EV 96.9 MPH)
Bill O'Halloran to third
Runner from 3rd tries for Home, SAFE, no throw by CF
Batting: RHB Sze Qi 0-0: Foul Ball, location: 2F
0-1: Ball
1-1: Foul Ball, location: 2F
Pickoff Throw to First - Error! E1
Vic Britt to second
1-2: Hit by Pitch
Batting: RHB Jorge Japón 0-0: Called Strike
0-1: Foul Ball, location: 2F
0-2: Strikes out looking
Batting: RHB Brook Linen 0-0: Ball
1-0: Ball
2-0: Called Strike
2-1: Fly out, F6 (Popup, 6, EV 68.1 MPH)
Top of the 2nd over - 3 runs, 4 hits, 1 error, 2 left on base; Marquette 3 - Bethesda 0
BOTTOM OF THE 2ND
Bethesda Atoms batting - Pitching for Marquette Miners : LHP Darwin Watson
Batting: LHB Rafael Barrueco 0-0: Called Strike
0-1: Ball
1-1: Called Strike
1-2: Foul Ball, location: 2F
1-2: Foul Ball, location: 2F
1-2: Ball
2-2: Ball
3-2: Foul Ball, location: 2F
3-2: Ground out 4-3 (Groundball, 34D, EV 82.5 MPH)
Batting: RHB Wilson Mitchell 0-0: Called Strike
0-1: Ball
1-1: Ball
2-1: Foul Ball, location: 2F
2-2: Ball
3-2: Ground out 6-3 (Groundball, 6, EV 86.2 MPH)
Batting: SHB Ronald Beauregard 0-0: Swinging Strike
0-1: Ball
1-1: Ball
2-1: Swinging Strike
2-2: Strikes out swinging
Bottom of the 2nd over - 0 runs, 0 hits, 0 errors, 0 left on base; Marquette 3 - Bethesda 0
TOP OF THE 3RD
Marquette Miners batting - Pitching for Bethesda Atoms : RHP Joshua Neal
Batting: RHB Jesús Morán 0-0: Called Strike
0-1: Ball
1-1: Foul Ball, location: 2F
1-2: Foul Ball, location: 2F
1-2: Ball
2-2: Foul Ball, location: 2F
2-2: Foul Ball, location: 2F
2-2: Ball
3-2: Reached on error, E7 (Line Drive, 7, EV 90.6 MPH)
Batting: LHB Tony Worley 0-0: Foul Ball, location: 2F
0-1: Ball
1-1: Ball
2-1: Foul Ball, location: 2F
2-2: Ball
3-2: Fly out, F6 (Flyball, 6D, EV 81.2 MPH)
Batting: LHB Lowell Evans 0-0: Swinging Strike
0-1: Fly out, F8 (Flyball, 8RXD, EV 93.8 MPH)
Batting: RHB Zhen-bang Kwan 0-0: Ball
1-0: Foul Ball, location: 2F
1-1: Fly out, F6 (Popup, 6, EV 70.0 MPH)
Top of the 3rd over - 0 runs, 0 hits, 1 error, 1 left on base; Marquette 3 - Bethesda 0
BOTTOM OF THE 3RD
Bethesda Atoms batting - Pitching for Marquette Miners : LHP Darwin Watson
Batting: RHB Conor Culver 0-0: Ball
1-0: Ball
2-0: Ball
3-0: Base on Balls
Batting: RHB Tomas van Noord 0-0: Called Strike
0-1: Ball
1-1: Ball
2-1: Ball
3-1: SINGLE (Groundball, 5L, EV 95.0 MPH)
Conor Culver to second
Batting: SHB Brian Burt 0-0: Called Strike
0-1: Grounds into double play, 5-4-3 (Groundball, 56, EV 102.5 MPH)
Conor Culver to third
Batting: RHB Preston Johnston 0-0: Swinging Strike
0-1: Called Strike
0-2: Strikes out swinging
Bottom of the 3rd over - 0 runs, 1 hit, 0 errors, 1 left on base; Marquette 3 - Bethesda 0
TOP OF THE 4TH
Marquette Miners batting - Pitching for Bethesda Atoms : RHP Joshua Neal
Batting: LHB Bill O'Halloran 0-0: Ground out 4-3 (Groundball, 4M, EV 96.9 MPH)
Batting: LHB Vic Britt 0-0: Ball
1-0: Swinging Strike
1-1: Foul Ball, location: 2F
1-2: Ground out 1-3 (Groundball, 34S, EV 86.2 MPH)
Batting: RHB Sze Qi 0-0: Ball
1-0: Ball
2-0: Swinging Strike
2-1: Foul Ball, location: 2F
2-2: Strikes out swinging
Top of the 4th over - 0 runs, 0 hits, 0 errors, 0 left on base; Marquette 3 - Bethesda 0
BOTTOM OF THE 4TH
Bethesda Atoms batting - Pitching for Marquette Miners : LHP Darwin Watson
Batting: LHB Sandor Addicks 0-0: Ball
1-0: Ball
2-0: Called Strike
2-1: Foul Ball, location: 2F
2-2: Foul Ball, location: 2F
2-2: Foul Ball, location: 2F
2-2: Fly out, F7 (Flyball, 7, EV 90.0 MPH)
Batting: RHB Juan Mata 0-0: Called Strike
0-1: Ball
1-1: Ball
2-1: Ball
3-1: SINGLE (Groundball, 6D, EV 98.8 MPH)
Batting: LHB Rafael Barrueco 0-0: Called Strike
0-1: Foul Ball, location: 2F
0-2: Ball
1-2: Hit by Pitch
Juan Mata to second
Batting: RHB Wilson Mitchell 0-0: Ball
1-0: Fly out, F9 (Flyball, 9, EV 89.4 MPH)
Batting: SHB Ronald Beauregard 0-0: Called Strike
0-1: Foul Ball, location: 2F
0-2: Fly out, F5 (Popup, 5F, EV 78.8 MPH)
Bottom of the 4th over - 0 runs, 1 hit, 0 errors, 2 left on base; Marquette 3 - Bethesda 0
TOP OF THE 5TH
Marquette Miners batting - Pitching for Bethesda Atoms : RHP Joshua Neal
Batting: RHB Jorge Japón 0-0: SINGLE (Line Drive, 4MD, EV 94.4 MPH)
Batting: RHB Brook Linen 0-0: Ball
1-0: Fly out, F7 (Flyball, 7LS, EV 92.5 MPH)
Batting: RHB Jesús Morán 0-0: Ball
1-0: SINGLE (Line Drive, 6D, EV 103.8 MPH)
Jorge Japón to second
Batting: LHB Tony Worley 0-0: Ball
1-0: Ball
2-0: Foul Ball, location: 2F
2-1: Ball
3-1: Called Strike
3-2: Foul Ball, location: 2F
3-2: Base on Balls
Jorge Japón to third
Jesús Morán to second
Batting: LHB Lowell Evans 0-0: Ball
1-0: Ball
2-0: Foul Ball, location: 2F
2-1: Foul Ball, location: 2F
2-2: Fly out, F7 (Line Drive, 7D, EV 97.5 MPH)
Runner from 3rd tags up, SCORES, throw by LF
Jesús Morán to third
Batting: RHB Zhen-bang Kwan 0-0: Ball
1-0: Foul Ball, location: 2F
1-1: Foul Ball, location: 2F
1-2: Ball
2-2: Foul Ball, location: 2F
2-2: Foul Ball, location: 2F
2-2: DOUBLE (Line Drive, 7LM, EV 110.0 MPH)
Jesús Morán scores
Tony Worley to third
Runner from 3rd tries for Home, SAFE, throw by LF to home
Pitching: RHP Elmer Pierce
Batting: LHB Bill O'Halloran 0-0: Ball
1-0: Ball
2-0: Foul Ball, location: 2F
2-1: Foul Ball, location: 2F
2-2: Foul Ball, location: 2F
2-2: Ball
3-2: Foul Ball, location: 2F
3-2: SINGLE (Groundball, 3D, EV 102.5 MPH)
Zhen-bang Kwan to third
Zhen-bang Kwan scores
Batting: LHB Vic Britt 0-0: Ball
1-0: Fly out, F7 (Flyball, 7, EV 78.8 MPH)
Top of the 5th over - 4 runs, 4 hits, 0 errors, 1 left on base; Marquette 7 - Bethesda 0
BOTTOM OF THE 5TH
Bethesda Atoms batting - Pitching for Marquette Miners : LHP Darwin Watson
Batting: RHB Conor Culver 0-0: Called Strike
0-1: Ball
1-1: Ball
2-1: SINGLE (Line Drive, 56D, EV 95.6 MPH)
Batting: RHB Tomas van Noord 0-0: Ball
1-0: DOUBLE (Line Drive, 5D, EV 102.5 MPH)
Conor Culver to third
Runner from 3rd tries for Home, SAFE, throw by LF to home
Batting: SHB Brian Burt 0-0: Ball
1-0: Ball
2-0: Foul Ball, location: 2F
2-1: Ball
3-1: Ground out 5-3 (Groundball, 5, EV 86.9 MPH)
Batting: RHB Preston Johnston 0-0: Called Strike
0-1: Ball
1-1: Ball
2-1: Called Strike
Tomas van Noord is caught stealing 3rd base 2-5
2-2: Fly out, F6 (Popup, 6M, EV 55.6 MPH)
Bottom of the 5th over - 1 run, 2 hits, 0 errors, 0 left on base; Marquette 7 - Bethesda 1
TOP OF THE 6TH
Marquette Miners batting - Pitching for Bethesda Atoms : RHP Elmer Pierce
Batting: RHB Sze Qi 0-0: Foul Ball, location: 2F
0-1: Foul Ball, location: 2F
0-2: Ball
1-2: Foul Ball, location: 2F
1-2: Foul Ball, location: 2F
1-2: Fly out, F5 (Line Drive, 5, EV 65.6 MPH)
Batting: RHB Jorge Japón 0-0: Ball
1-0: SOLO HOME RUN (Line Drive, 78XD, EV 98.8 MPH), Distance : 415 ft
Batting: RHB Brook Linen 0-0: Ball
1-0: Called Strike
1-1: SINGLE (Groundball, 56D, EV 106.9 MPH)
Batting: RHB Jesús Morán 0-0: Ball
1-0: Swinging Strike
1-1: Foul Ball, location: 2F
1-2: Foul Ball, location: 2F
1-2: Ball
2-2: Ball
3-2: Base on Balls
Brook Linen to second
Batting: LHB Tony Worley 0-0: Ball
1-0: Ball
2-0: Ball
3-0: Swinging Strike
3-1: Base on Balls
Brook Linen to third
Jesús Morán to second
Batting: LHB Lowell Evans 0-0: Called Strike
0-1: SINGLE (Line Drive, 4MD, EV 104.4 MPH)
Brook Linen scores
Jesús Morán to third
Tony Worley to second
Batting: RHB Zhen-bang Kwan 0-0: Foul Ball, location: 2F
0-1: Foul Ball, location: 2F
0-2: Ball
1-2: Fly out, F7 (Flyball, 7, EV 88.1 MPH)
Batting: LHB Bill O'Halloran 0-0: Ball
1-0: Called Strike
1-1: Ball
2-1: Fly out, F9 (Flyball, 89S, EV 90.0 MPH)
Top of the 6th over - 2 runs, 3 hits, 0 errors, 3 left on base; Marquette 9 - Bethesda 1
BOTTOM OF THE 6TH
Bethesda Atoms batting - Pitching for Marquette Miners : LHP Darwin Watson
Batting: LHB Sandor Addicks 0-0: Ball
1-0: Called Strike
1-1: Ground out 6-3 (Groundball, 6, EV 86.9 MPH)
Batting: RHB Juan Mata 0-0: Ball
1-0: Ball
2-0: Ball
3-0: Base on Balls
Batting: LHB Rafael Barrueco 0-0: Ball
1-0: Called Strike
1-1: Ball
2-1: Ball
3-1: Fielders Choice at 2nd, 5-4 (Groundball, 56, EV 91.9 MPH)
Batting: RHB Wilson Mitchell 0-0: Called Strike
0-1: Ball
1-1: Foul Ball, location: 2F
1-2: Ball
2-2: Foul Ball, location: 2F
2-2: Foul Ball, location: 2F
2-2: Ball
3-2: Foul Ball, location: 2F
3-2: Ground out U3 (Groundball, 34, EV 102.5 MPH)
Bottom of the 6th over - 0 runs, 0 hits, 0 errors, 1 left on base; Marquette 9 - Bethesda 1
TOP OF THE 7TH
Marquette Miners batting - Pitching for Bethesda Atoms : RHP Elmer Pierce
Batting: LHB Vic Britt 0-0: Ground out 1-3 (Groundball, 13, EV 71.9 MPH)
Pinch Hitting: RHB Leonard Hammond 0-0: Ball
1-0: Ball
2-0: Foul Ball, location: 2F
2-1: Foul Ball, location: 2F
2-2: Ball
3-2: Fly out, F5 (Popup, 25F, EV 89.4 MPH)
Batting: RHB Jorge Japón 0-0: Ball
1-0: Swinging Strike
1-1: Ground out 5-3 (Groundball, 56S, EV 62.5 MPH)
Top of the 7th over - 0 runs, 0 hits, 0 errors, 0 left on base; Marquette 9 - Bethesda 1
BOTTOM OF THE 7TH
Bethesda Atoms batting - Pitching for Marquette Miners : LHP Darwin Watson
Pitching: RHP Denny Bound
Now at SS: Leonard Hammond
Batting: SHB Ronald Beauregard 0-0: Called Strike
0-1: Swinging Strike
0-2: Ball
1-2: Fly out, F9 (Line Drive, 9D, EV 98.1 MPH)
Batting: RHB Conor Culver 0-0: Ground out 5-3 (Groundball, 56S, EV 70.0 MPH)
Batting: RHB Tomas van Noord 0-0: Ball
1-0: Foul Ball, location: 2F
1-1: SINGLE (Line Drive, 7LS, EV 100.0 MPH)
Pinch Hitting: RHB Alan Hubbard 0-0: Called Strike
0-1: Fly out, F7 (Flyball, 78S, EV 90.0 MPH)
Bottom of the 7th over - 0 runs, 1 hit, 0 errors, 1 left on base; Marquette 9 - Bethesda 1
TOP OF THE 8TH
Marquette Miners batting - Pitching for Bethesda Atoms : RHP Elmer Pierce
Now at 1B: Alan Hubbard
Batting: RHB Brook Linen 0-0: Foul Ball, location: 2F
0-1: Ball
1-1: Ball
2-1: Called Strike
2-2: SINGLE (Line Drive, 56, EV 105.0 MPH)
Batting: RHB Jesús Morán 0-0: Ball
1-0: Foul Ball, location: 2F
1-1: Ball
2-1: Ball
3-1: Base on Balls
Brook Linen to second
Batting: LHB Tony Worley 0-0: Called Strike
0-1: Ball
1-1: Foul Ball, location: 2F
1-2: Fielders Choice at 2nd, 4-6 (Groundball, 4M, EV 87.5 MPH)
Brook Linen to third
Pitching: RHP Chris Graham
Batting: LHB Lowell Evans 0-0: Fly out, F7 (Flyball, 7S, EV 89.4 MPH)
Batting: RHB Zhen-bang Kwan 0-0: Foul Ball, location: 2F
0-1: Ball
1-1: Fielders Choice at 2nd, 5-4 (Groundball, 56, EV 98.8 MPH)
Top of the 8th over - 0 runs, 1 hit, 0 errors, 2 left on base; Marquette 9 - Bethesda 1
BOTTOM OF THE 8TH
Bethesda Atoms batting - Pitching for Marquette Miners : RHP Denny Bound
Batting: RHB Preston Johnston 0-0: Ground out 5-3 (Groundball, 56, EV 100.6 MPH)
Batting: LHB Sandor Addicks 0-0: Called Strike
0-1: Ball
1-1: Foul Ball, location: 2F
1-2: Ball
2-2: Fly out, F7 (Flyball, 7LS, EV 75.6 MPH)
Batting: RHB Juan Mata 0-0: Foul Ball, location: 2F
0-1: Ball
1-1: Reached on error, E5 (Groundball, 5, EV 106.2 MPH)
Batting: LHB Rafael Barrueco 0-0: Foul Ball, location: 2F
0-1: Ball
1-1: Ball
2-1: Ball
3-1: Ground out 6-3 (Groundball, 6, EV 79.4 MPH)
Bottom of the 8th over - 0 runs, 0 hits, 1 error, 1 left on base; Marquette 9 - Bethesda 1
TOP OF THE 9TH
Marquette Miners batting - Pitching for Bethesda Atoms : RHP Chris Graham
Batting: LHB Bill O'Halloran 0-0: Called Strike
0-1: Ball
1-1: Ball
2-1: Ball
3-1: Fly out, F8 (Flyball, 8LM, EV 93.8 MPH)
Batting: LHB Vic Britt 0-0: Ball
1-0: Ball
2-0: Called Strike
2-1: Fly out, F6 (Popup, 6MS, EV 75.6 MPH)
Batting: RHB Leonard Hammond 0-0: Called Strike
0-1: Ball
1-1: Foul Ball, location: 2F
1-2: Ball
2-2: Ball
3-2: Foul Ball, location: 2F
3-2: Strikes out looking
Top of the 9th over - 0 runs, 0 hits, 0 errors, 0 left on base; Marquette 9 - Bethesda 1
BOTTOM OF THE 9TH
Bethesda Atoms batting - Pitching for Marquette Miners : RHP Denny Bound
Batting: RHB Wilson Mitchell 0-0: Ball
1-0: Ball
2-0: Ball
3-0: Called Strike
3-1: Foul Ball, location: 2F
3-2: Strikes out swinging
Batting: SHB Ronald Beauregard 0-0: Ball
1-0: Ball
2-0: Fly out, F9 (Flyball, 9LM, EV 92.5 MPH)
Batting: RHB Conor Culver 0-0: Ball
1-0: Foul Ball, location: 2F
1-1: Ground out 6-3 (Groundball, 6, EV 105.0 MPH)
Bottom of the 9th over - 0 runs, 0 hits, 0 errors, 0 left on base; Marquette 9 - Bethesda 1
Thursday, January 23rd, 2020 - OOTP Baseball 20.8 Build 74